 Dungeon Crawl Stone Soup version 0.29-a0-322-g68df515428 (webtiles) character file.

Game seed: 12184866378332925471

36 Hubjo the Firebug (level 3, -1/20 HPs)
             Began as a Deep Elf Wanderer on Apr 7, 2022.
             Was a Follower of Sif Muna.
             Slain by a quokka (5 damage)
             ... on level 2 of the Dungeon.
             The game lasted 00:04:12 (1959 turns).

Hubjo the Firebug (Deep Elf Wanderer)               Turns: 1959, Time: 00:04:13

Health: -1/20      AC:  2    Str: 10    XL:     3   Next: 19%
Magic:  17/17      EV: 12    Int: 13    God:    Sif Muna [*.....]
Gold:   52         SH:  0    Dex: 18    Spells: 5/6 levels left

rFire   . . .      SeeInvis .   a - +0 quarterstaff
rCold   . . .      Faith    .   (shield currently unavailable)
rNeg    + . .      Spirit   .   e - +0 robe
rPois   .          Reflect  .   (no helmet)
rElec   .          Harm     .   (no cloak)
rCorr   .          Rampage  .   (no gloves)
Will    .....                   (no boots)
Stlth   ++........              (no amulet)
HPRegen 0.06/turn               h - ring of magical power
MPRegen 0.15/turn               i - ring of positive energy

@: no status effects
A: no striking features
a: Renounce Religion, Channel Magic


You were on level 2 of the Dungeon.
You worshipped Sif Muna.
Sif Muna was aware of your devotion.
You visited 1 branch of the dungeon, and saw 2 of its levels.

You collected 52 gold pieces.

Inventory:

Hand Weapons
 a - a +0 quarterstaff (weapon)
 c - a +0 dagger
Missiles
 b - 12 boomerangs (quivered)
Armour
 e - a +0 robe (worn)
Jewellery
 h - a ring of magical power (left hand)
 i - a ring of positive energy (right hand)
 m - a ring of positive energy
Scrolls
 k - a scroll of silence
 l - a scroll of amnesia
 n - a scroll of noise
Potions
 g - 2 potions of haste {unknown}
 j - a potion of ambrosia {unknown}


   Skills:
 * Level 1.1 Fighting
 - Level 1.0 Staves
 - Level 3.0 Throwing
 + Level 0.9 Dodging
 * Level 2.0 Stealth
 + Level 2.0 Spellcasting
 + Level 5.6 Fire Magic


You had 5 spell levels left.
You knew the following spells:

 Your Spells              Type           Power      Damage    Failure   Level
a - Foxfire               Conj/Fire      32%        2x1d5     9%          1

Your spell library contained the following spells:

 Spells                   Type           Power      Damage    Failure   Level
 Inner Flame              Hex/Fire       8%         N/A       24%         3
 Animate Skeleton         Necr           2%         N/A       26%         1
 Freeze                   Ice            4%         1d3       26%         1
 Pain                     Necr           4%         1d4       26%         1
 Vampiric Draining        Necr           1%         2d6       58%         3
 Sticky Flame             Conj/Fire      8%         2d3       63%         4
 Simulacrum               Ice/Necr       0%         N/A       100%        6


Dungeon Overview and Level Annotations

Branches:
Dungeon (2/15)

Altars:
Sif Muna


Message History

You closely miss the bat. The bat closely misses you. x2
You sock the bat!
You kill the bat!
Sif Muna accepts your kill. The ball python barely misses you.
The ball python closely misses you.
You thump the ball python!
You kill the ball python!
Sif Muna accepts your kill. The ball python bites you.
The ball python grabs you. The ball python constricts you.
You completely miss the ball python. The ball python bites you.
The ball python constricts you.
You closely miss the ball python. The ball python bites you.
The ball python constricts you.
An endoplasm comes into view.
The ball python bites you. The ball python constricts you.
You closely miss the ball python. The ball python barely misses you.
The ball python constricts you.
You hit the ball python.
You kill the ball python!
Sif Muna accepts your kill.
The goblin shoots a sling bullet.
The sling bullet misses you.
The goblin unwields a +0 hunting sling.
The goblin wields a +0 dagger.
The goblin hits you with a +0 dagger.
* * * LOW HITPOINT WARNING * * *
You see here a ball python corpse.
You feel better. The goblin closely misses you.
You barely miss the goblin. The goblin hits you but does no damage.
You completely miss the goblin. The goblin hits you with a +0 dagger.
You closely miss the goblin. The goblin hits you with a +0 dagger.
* * * LOW HITPOINT WARNING * * *
The goblin barely misses you.
You sock the goblin!
You kill the goblin!
Sif Muna accepts your kill.
The endoplasm jiggles.
The quokka bites you but does no damage.
Your Stealth skill increases to level 2!
You hit the quokka but do no damage. The quokka bites you.
You die...

######
.....########
####..........#
..##..........#
#.##..........#
#.##..........#
#.####+.#######
#.# #...##
#@#####...###
####r##≈≈≈≈≈≈≈≈#
#.....####.).###
#.............#
#...J.........#
#................
#.................
#.....!...........
#.................


You could see an endoplasm and a quokka.

Vanquished Creatures
  A dart slug (D:1)
  4 ball pythons
  2 bats
  4 endoplasms (D:1)
  3 giant cockroaches (D:1)
  2 goblins
  6 hobgoblins (D:1)
  2 quokkas
  A frilled lizard (D:1)
  2 kobolds (D:1)
  A rat (D:1)
28 creatures vanquished.

Notes
Turn   | Place    | Note
-------+----------+-------------------------------------------
     0 | D:1      | Hubjo the Deep Elf Wanderer began the quest for the Orb.
     0 | D:1      | Hubjo set off with the following items: a +0 quarterstaff,
                  | 8 boomerangs, a +0 dagger, a potion of curing, a +0 robe;
                  | and the following spell memorised: Foxfire; and the
                  | following spells available to memorise: Inner Flame, Sticky
                  | Flame
     0 | D:1      | Reached XP level 1. HP: 10/10 MP: 5/5
   113 | D:1      | Got the Grimoire of the Glacier
   141 | D:1      | Reached skill level 1 in Stealth
   141 | D:1      | Reached XP level 2. HP: 10/16 MP: 6/6
  1080 | D:1      | Reached skill level 1 in Fighting
  1239 | D:1      | Found a faded altar of an unknown god.
  1513 | D:1      | Reached XP level 3. HP: 20/20 MP: 8/8
  1897 | D:1      | Prayed at the altar of an unknown god.
  1897 | D:1      | Became a worshipper of Sif Muna the Loreminder
  1897 | D:1      | Reached * piety under Sif Muna
  1959 | D:2      | Slain by a quokka

Illustrated notes

Levels and vault maps discovered:
D:1:      onia_arrival_mini_maze, layout_loops_ring,
          shapermc_ecumenical_altar_totnotflames, corner_web_ring
D:2:      layout_basic, chequers_serial_rivers_micro_a, minmay_pentomino_w4

Skill      XL: |  1  2  3 |
---------------+----------+-----
Stealth        | 1 2 |  2.0
Spellcasting   | 2 |  2.0
Fighting       | 1 |  1.1
Staves         | |  1.0
Throwing       | |  3.0
Dodging        | |  0.9
Fire Magic     | |  5.6

Action                   || total
-------------------------++-------
Melee: Quarterstaff      ||    70
  Use: Scroll            ||     3
       Potion            ||     1
 Stab: Sleeping          ||     4
Armor: Robe              ||    17
Dodge: Dodged            ||    42

Table legend: (Time is in decaauts)
 A = Elapsed time spent in this place.
 B = Non-inter-level travel time spent in this place.
 C = Inter-level travel time spent in this place.
 D = Time resting spent in this place.
 E = Time spent auto-exploring this place.
 F = Levels seen in this place.
 G = Mean time per level.
                   A        B        C        D        E       F      G
               +--------+--------+--------+--------+--------+-----+--------+
         Total |   1975 |   1798 |    177 |      0 |   1576 |   2 |  987.5 |
       Dungeon |   1975 |   1798 |    177 |      0 |   1576 |   2 |  987.5 |
               +--------+--------+--------+--------+--------+-----+--------+

Top non-repeatable levels by time:
     D:1: 1932 daAuts
     D:2: 42 daAuts
